Map: Romanticide LE

Players

ViBE - Winner!

  • Race: Protoss Protoss
  • League: Bronze
  • Spawn Location: 5:00

Supperrrrrrr

  • Race: Protoss Protoss
  • League: Bronze
  • Spawn Location: 11:00

VOD

https://www.youtube.com/watch?v=VjhJ7E-kFgw&list=PLFeZeom2b4DnD3FIu7pzkXl51JX_WWz2h&index=2

Description

Time

  • Played on: March 9, 2021, 10:32 p.m.
  • Length: 13:26
Show
View Real Time Build Order
Export as new Build Order

ViBE Protoss - Winner!

Build Orders: 1 Gate Expand 

Get SALT Encoding   

  12  0:00  Probe  
  13  0:12  Probe  
  14  0:21  Pylon  
  14  0:24  Probe  
  15  0:39  Probe (Chrono Boost)  
  15  0:42  Gateway  
  17  0:50  Assimilator  
  17  0:51  Probe (Chrono Boost)  
  17  0:57  Probe (Chrono Boost)  
  18  1:09  Probe  
  19  1:21  Nexus  
  19  1:26  Probe  
  20  1:34  Cybernetics Core  
  20  1:38  Probe  
  21  1:43  Assimilator  
  21  1:50  Probe  
  22  1:56  Pylon  
  22  2:02  Probe (Chrono Boost)  
  23  2:11  Warp Gate  
  23  2:14  Stalker, Probe (Chrono Boost)  
  27  2:23  Probe (Chrono Boost)  
  27  2:24  Pylon  
  27  2:28  Probe (Chrono Boost)  
  27  2:36  Probe (Chrono Boost)  
  29  2:41  Probe (Chrono Boost)  
  29  2:44  Stalker  
  32  2:47  Probe (Chrono Boost)  
  32  2:50  Probe (Chrono Boost)  
  34  2:52  Probe (Chrono Boost)  
  34  2:53  Robotics Facility  
  34  2:55  Probe (Chrono Boost)  
  36  3:02  Probe  
  37  3:05  Gateway  
  37  3:08  Probe  
  38  3:14  Probe (Chrono Boost)  
  38  3:15  Stalker  
  41  3:25  Pylon  
  43  3:28  Probe (Chrono Boost)  
  43  3:30  Probe (Chrono Boost)  
  43  3:33  Probe (Chrono Boost)  
  43  3:39  Probe  
  45  3:44  Probe  
  46  3:48  Nexus  
  46  3:51  Pylon  
  47  3:55  Observer  
  47  4:02  Probe x2  
  49  4:14  Stalker, Probe  
  49  4:15  Stalker, Probe  
  55  4:27  Assimilator x2  
  55  4:34  Probe x2  
  55  4:38  Immortal  
  61  4:39  Stalker x2  
  65  4:49  Pylon  
  65  4:55  Pylon  
  65  4:57  Probe x2  
  67  5:15  Probe (Chrono Boost)  
  67  5:16  Probe x2 (Chrono Boost)  
  67  5:17  Stalker  
  67  5:18  Stalker  
  67  5:20  Immortal  
  78  5:27  Probe (Chrono Boost)  
  78  5:28  Probe (Chrono Boost)  
  81  5:29  Probe (Chrono Boost)  
  81  5:34  Probe (Chrono Boost)  
  81  5:35  Probe x2 (Chrono Boost)  
  84  5:50  Probe x3  
  84  5:52  Stalker x2  
  91  5:59  Immortal  
  91  6:02  Pylon  
  96  6:04  Probe x3  
  96  6:05  Pylon  
  98  6:15  Nexus  
  98  6:18  Pylon  
  98  6:19  Stalker  
  98  6:21  Pylon, Stalker  
  102  6:27  Probe  
  102  6:28  Probe  
  102  6:29  Probe  
  105  6:35  Assimilator x2  
  105  6:38  Immortal  
  109  6:51  Probe x3  
  112  6:55  Stalker x2  
  116  7:03  Probe x3  
  118  7:09  Gateway  
  118  7:10  Gateway  
  118  7:13  Gateway  
  118  7:15  Probe x3  
  119  7:16  Gateway  
  119  7:19  Gateway, Stalker  
  119  7:20  Gateway  
  119  7:21  Stalker  
  119  7:22  Gateway  
  124  7:24  Immortal  
  128  7:39  Probe x2  
  128  7:40  Probe x2  
  133  7:51  Probe x2  
  133  7:52  Probe  
  133  7:53  Probe  
  136  7:59  Stalker  
  136  8:01  Stalker  
  136  8:04  Pylon  
  140  8:20  Nexus  
  140  8:23  Pylon  
  140  8:25  Pylon  
  140  8:26  Pylon  
  138  8:29  Pylon  
  138  8:30  Stalker  
  138  8:31  Stalker  
  138  8:32  Pylon, Stalker  
  138  8:33  Stalker  
  138  8:34  Stalker x2  
  140  8:35  Stalker  
  140  8:36  Stalker x2  
  145  8:44  Probe x3  
  145  8:45  Probe  
  144  8:56  Gateway, Probe x3  
  144  8:57  Probe  
  144  8:58  Gateway  
  144  9:02  Gateway  
  148  9:04  Gateway  
  148  9:06  Gateway  
  148  9:08  Gateway  
  147  9:14  Gateway  
  147  9:16  Probe  
  149  9:19  Stalker  
  149  9:20  Stalker x2  
  149  9:21  Stalker  
  149  9:22  Stalker x2  
  149  9:23  Stalker  
  149  9:24  Stalker x2  
  163  9:29  Pylon  
  163  9:31  Assimilator  
  165  9:32  Assimilator  
  165  9:33  Pylon  
  156  9:45  Unknown  
  142  9:54  Stalker  
  142  9:55  Stalker  
  142  9:56  Stalker x2  
  142  9:57  Stalker x2  
  142  9:58  Stalker  
  142  9:59  Stalker x3  
  162  10:00  Stalker x2  
  162  10:01  Stalker x2  
  162  10:02  Stalker  
  162  10:07  Robotics Facility  
  172  10:10  Gateway  
  172  10:13  Gateway  
  172  10:39  Nexus  
  172  10:40  Pylon  
  172  10:43  Pylon, Stalker x2  
  172  10:44  Stalker x2  
  172  10:45  Stalker  
  172  10:46  Stalker x2  
  172  10:47  Stalker x2  
  172  10:48  Stalker x2  
  172  10:49  Stalker  
  196  10:50  Stalker x2  
  198  12:29  Probe x6  
  198  12:34  Nexus, Stalker  
  198  12:35  Pylon, Stalker  
  198  12:37  Stalker  
  200  12:41  Probe x2  
  191  12:44  Twilight Council  
  191  12:45  Forge  
  191  12:48  Stalker x2  
  191  12:49  Stalker x4  
  191  12:50  Stalker x3  
  191  12:51  Stalker x3  
  191  12:52  Stalker  
  183  13:00  Probe  
  183  13:01  Probe  
  183  13:02  Probe  
  176  13:14  Stalker x2  
  176  13:15  Stalker x2  
  176  13:16  Stalker x2  
  176  13:17  Stalker  
  176  13:18  Stalker x2  
  176  13:19  Stalker x2  
  192  13:20  Stalker x2  
  192  13:21  Stalker x2  
  192  13:22  Stalker  
Show
View Real Time Build Order
Export as new Build Order

Supperrrrrrr Protoss 

Build Orders:  

Get SALT Encoding   

  12  0:01  Probe  
  13  0:14  Probe  
  14  0:26  Pylon  
  14  0:27  Probe  
  15  0:44  Probe  
  16  0:51  Gateway  
  16  0:56  Probe (Chrono Boost)  
  17  1:04  Assimilator  
  17  1:08  Probe (Chrono Boost)  
  18  1:12  Probe (Chrono Boost)  
  19  1:23  Pylon, Probe  
  20  1:40  Pylon  
  20  1:41  Zealot  
  20  1:45  Probe (Chrono Boost)  
  23  1:56  Nexus  
  23  1:58  Probe (Chrono Boost)  
  24  2:10  Probe (Chrono Boost)  
  24  2:12  Zealot  
  27  2:24  Assimilator  
  27  2:28  Probe  
  27  2:29  Pylon  
  28  2:40  Probe  
  28  2:41  Cybernetics Core  
  29  2:52  Probe  
  30  3:05  Probe  
  31  3:06  Forge  
  31  3:08  Zealot  
  31  3:11  Probe  
  34  3:17  Probe  
  35  3:20  Pylon  
  35  3:24  Probe  
  36  3:29  Stargate, Probe  
  35  3:38  Probe (Chrono Boost)  
  36  3:41  Zealot  
  36  3:43  Probe (Chrono Boost)  
  39  3:53  Probe (Chrono Boost)  
  39  3:54  Probe (Chrono Boost)  
  41  3:58  Assimilator  
  41  4:00  Stargate  
  41  4:01  Probe (Chrono Boost)  
  41  4:02  Assimilator  
  43  4:05  Probe (Chrono Boost)  
  43  4:12  Probe (Chrono Boost)  
  44  4:19  Photon Cannon, Probe (Chrono Boost)  
  44  4:21  Shield Battery, Void Ray  
  44  4:23  Protoss Air Weapons Level 1, Probe (Chrono Boost)  
  46  4:31  Probe (Chrono Boost)  
  52  4:33  Probe (Chrono Boost)  
  52  4:35  Zealot  
  52  4:37  Probe  
  54  4:42  Probe  
  56  4:46  Pylon  
  56  4:50  Probe  
  57  4:57  Probe  
  58  5:02  Zealot  
  61  5:07  Probe  
  61  5:08  Void Ray x2  
  61  5:19  Pylon  
  69  5:24  Pylon, Stargate  
  69  5:41  Pylon  
  69  5:42  Pylon  
  63  5:43  Pylon  
  63  5:44  Pylon  
  63  5:45  Pylon x2, Void Ray  
  67  5:58  Void Ray  
  71  6:16  Pylon  
  71  6:22  Void Ray  
  71  6:26  Pylon  
  75  6:35  Photon Cannon, Void Ray  
  75  6:37  Photon Cannon  
  75  6:38  Shield Battery  
  79  6:47  Photon Cannon  
  79  6:50  Photon Cannon  
  79  7:01  Shield Battery  
  79  7:07  Void Ray  
  79  7:12  Void Ray  
  79  7:13  Void Ray  
  90  7:30  Zealot  
  92  7:44  Void Ray  
  92  7:45  Protoss Ground Weapons Level 1  
  92  7:49  Void Ray  
  92  7:50  Void Ray  
  96  7:57  Nexus, Zealot  
  106  7:58  Pylon  
  84  9:02  Zealot  
  82  9:08  Probe x2  
  82  9:09  Probe  
  85  9:11  Void Ray  
  85  9:12  Void Ray x2  
  97  9:29  Zealot  
  65  10:03  Photon Cannon  
  65  10:05  Photon Cannon  
  65  10:06  Photon Cannon  
  65  10:10  Photon Cannon  
  65  10:11  Photon Cannon  
  65  10:12  Photon Cannon  
  65  10:13  Photon Cannon  
  65  10:14  Photon Cannon  
  65  10:15  Photon Cannon x2, Void Ray x3  
  65  10:16  Photon Cannon  
  65  10:17  Photon Cannon  
  77  10:36  Pylon  
  77  10:38  Pylon, Probe x3  
  80  10:55  Pylon  
  80  10:57  Photon Cannon  
  80  10:59  Photon Cannon  
  80  11:01  Photon Cannon  
  80  11:03  Photon Cannon  
  80  11:05  Photon Cannon  
  80  11:07  Photon Cannon  
  80  11:08  Photon Cannon  
  80  11:09  Photon Cannon x2  
  80  11:10  Photon Cannon  
  80  11:11  Photon Cannon  
  80  11:12  Photon Cannon, Void Ray x3  
  80  11:14  Photon Cannon  
  80  11:16  Photon Cannon x2  
  92  11:22  Zealot  
  94  11:31  Photon Cannon  
  94  11:32  Photon Cannon  
  81  12:55  Zealot  
Tags
 
Matchup
PvP
Player
ViBE
Replay Pack
Bronze_League
Spawn Locations
Cross Positions
Add a new tag
Caveats
  • Supply blocks, unpowered buildings, or Contaminate may cause inaccurate times.
  • Supply counts are checked every 10 seconds.